 Dungeon Sprint DCSS version 0.21-a0-274-gc1afaeb (webtiles) character file.

153 Kidiri the Thaumaturge (level 5, -1/28 HPs)
             Began as a Deep Elf Fire Elementalist on Sept 19, 2017.
             Was an Initiate of Vehumet.
             Killed from afar by a deep elf mage (27 damage)
             ... with a bolt of magma
             ... in the Dungeon (Sprint III: "The Ten Rune Challenge").
             The game lasted 00:02:52 (467 turns).

Kidiri the Thaumaturge (Deep Elf Fire Elementalist)  Turns: 467, Time: 00:02:52

Health: -1/28      AC:  5    Str:  3    XL:     5   Next: 12%
Magic:  15/19      EV: 13    Int: 21    God:    Vehumet [......]
Gold:   18         SH:  0    Dex: 15    Spells: 2/23 levels left

rFire    . . .     SeeInvis .   (no weapon)
rCold    . . .     Gourm    .   (no shield)
rNeg     . . .     Faith    .   a - +0 robe
rPois    +         Spirit   .   (no helmet)
rElec    .         Reflect  .   k - +0 cloak
rCorr    .         Harm     .   (no gloves)
MR       .....     NoTele   +   (no boots)
Stlth    ++........             (no amulet)
HPRegen  0.09/turn              (no ring)
MPRegen  0.16/turn              (no ring)

@: very slightly contaminated
A: hooves 1, iridescent scales 1, poison resistance, weak 1
a: Renounce Religion


You were in the Dungeon.
You worshipped Vehumet.
Vehumet was noncommittal.
You were not hungry.

You visited 1 branch You collected 18 gold pieces.

Inventory:

Hand Weapons
 j - a +2 vampiric dagger
Armour
 a - a +0 robe (worn)
 k - a +0 cloak (worn)
Scrolls
 i - a scroll of blinking
 m - a scroll of immolation {unknown}
 n - a scroll of identify {unknown}
 o - a scroll of remove curse
 s - a scroll of holy word {unknown}
 t - a scroll of recharging {unknown}
Potions
 d - a potion of curing
 e - a potion of heal wounds
 f - a potion of haste
 g - 2 potions of magic
 h - a potion of berserk rage
 q - a potion of agility {unknown}
 r - 3 potions of flight
Comestibles
 c - 2 bread rations
 p - a royal jelly


   Skills:
 + Level 0.0 Fighting
 + Level 0.0 Short Blades
 + Level 0.0 Armour
 + Level 2.4 Dodging
 - Level 2.4 Stealth
 * Level 9.9 Spellcasting
 + Level 5.6 Conjurations
 + Level 6.5 Fire Magic
 + Level 0.0 Air Magic
 + Level 0.0 Poison Magic


You had 2 spell levels left.
You knew the following spells:

 Your Spells              Type           Power        Failure   Level  Hunger
a - Flame Tongue          Conj/Fire      #####        1%          1    None
b - Throw Flame           Conj/Fire      #####.       1%          2    None
c - Conjure Flame         Conj/Fire      #####...     1%          3    None
d - Inner Flame           Hex/Fire       ###.....     4%          3    None
e - Sticky Flame          Conj/Fire      #####...     5%          4    ##.....
f - Fireball              Conj/Fire      #####.....   14%         5    ####...
g - Mephitic Cloud        Conj/Pois/Air  ###.....     9%          3    None


Dungeon Overview and Level Annotations

Branches:
Dungeon (1/1)

Altars:
Elyvilon
Kikubaaqudgha
Sif Muna
Vehumet
Zin
The Shining One


Innate Abilities, Weirdness & Mutations

You have large cloven feet.
You are partially covered in iridescent scales. (AC +2)
Your system is resistant to poisons. (rPois)
You are weak. (Str -2)


Message History

A deep elf mage comes into view.
It is wielding a long sword of holy wrath.
Found a potion of curing.
Found two altars.
There is an open door here.
The helpless deep elf mage fails to defend itself.
You hit the deep elf mage.
The deep elf mage is lightly wounded.
The deep elf mage hits you with a long sword of holy wrath.
Unknown command.
Casting: Sticky Flame
Confirm with . or Enter, or press ? or * to list all spells.
Aiming: Sticky Flame
Press: ? - help, Shift-Dir - straight line, f - deep elf mage
Aim: a deep elf mage, wielding a long sword of holy wrath (lightly wounded)
You miscast Sticky Flame.
You are very lightly contaminated with residual magic.
Sparks fly from your hands! The deep elf mage casts a spell at you.
The bolt of magma hits you!
Ouch! That really hurt!
You die...

▓▓▓▓▓▓▓▓ ▓▓▓ ..+....♣♣♣
♣.##### ..#......♣
♣.#___# ###....♣♣♣
♣♣.#e@.# ..#....≈♣
♣..###'#+###+
.÷#...≈≈♣♣♣.♣.#..........
.(#..≈≈≈≈.♣♣♣.'.⌠........
#'#..≈≈≈≈≈≈...#...######+
..#)≈≈≈≈≈≈....#.⌠.#
..#.≈≈≈≈≈.....#...#
..#.≈≈≈.......#+###
###...........#.[:#


You could see a deep elf mage.

Vanquished Creatures
  A water elemental (D)
  Crazy Yiuf (D)
  A wizard (D)
  A human (D)
  A kobold demonologist (D)
  4 rats (D)
9 creatures vanquished.

Vanquished Creatures (others)
  2 draconian scorchers (D)
  2 yaktaurs (D)
  6 hellions (D)
  3 plants (D)
13 creatures vanquished.

Grand Total: 22 creatures vanquished

Notes
Turn   | Place    | Note
-------+----------+-------------------------------------------
     0 | D        | Kidiri the Deep Elf Fire Elementalist began the quest for the Orb.
     0 | D        | Reached XP level 1. HP: 10/10 MP: 6/6
    52 | D        | Killed a yaktaur
    88 | D        | Noticed Crazy Yiuf
    97 | D        | Killed Crazy Yiuf
    97 | D        | Reached skill level 6 in Spellcasting
    97 | D        | Reached XP level 2. HP: 5/15 MP: 1/11
    97 | D        | Reached XP level 3. HP: 7/19 MP: 1/12
   101 | D        | Learned a level 2 spell: Throw Flame
   105 | D        | Learned a level 3 spell: Conjure Flame
   109 | D        | Learned a level 3 spell: Inner Flame
   114 | D        | Killed a hellion
   119 | D        | Killed a hellion
   119 | D        | Killed a hellion
   120 | D        | Killed a hellion
   120 | D        | Killed a hellion
   134 | D        | Gained mutation: Scrolls take you a little longer to read. [potion of mutation]
   134 | D        | Gained mutation: Your body sometimes deteriorates upon taking damage. [potion of mutation]
   134 | D        | Gained mutation: You are weak. (Str -2) [potion of mutation]
   134 | D        | Gained mutation: Your flesh is heat resistant. (rF+) [potion of mutation]
   135 | D        | Lost mutation: You are weak. (Str -2) [potion of mutation]
   135 | D        | Lost mutation: Scrolls take you a little longer to read. [potion of mutation]
   135 | D        | Gained mutation: You tend to lose your temper in combat. [potion of mutation]
   135 | D        | Gained mutation: You are surrounded by a mild repulsion field. (EV +2) [potion of mutation]
   135 | D        | Gained mutation: Your system is resistant to poisons. (rPois) [potion of mutation]
   136 | D        | Lost mutation: Your body sometimes deteriorates upon taking damage. [potion of mutation]
   136 | D        | Lost mutation: Your flesh is heat resistant. (rF+) [potion of mutation]
   136 | D        | Lost mutation: Your system is resistant to poisons. (rPois) [potion of mutation]
   136 | D        | Gained mutation: Your system is resistant to poisons. (rPois) [potion of mutation]
   136 | D        | Gained mutation: You have large cloven feet. [potion of mutation]
   137 | D        | Lost mutation: You tend to lose your temper in combat. [potion of mutation]
   137 | D        | Lost mutation: You have large cloven feet. [potion of mutation]
   137 | D        | Lost mutation: You are surrounded by a mild repulsion field. (EV +2) [potion of mutation]
   137 | D        | Gained mutation: You are weak. (Str -2) [potion of mutation]
   137 | D        | Gained mutation: You are partially covered in iridescent scales. (AC +2) [potion of mutation]
   137 | D        | Gained mutation: You have large cloven feet. [potion of mutation]
   161 | D        | Killed a yaktaur
   182 | D        | Killed a white draconian scorcher
   196 | D        | Killed a white draconian scorcher
   211 | D        | Killed a hellion
   299 | D        | Reached skill level 7 in Spellcasting
   299 | D        | Reached skill level 5 in Fire Magic
   352 | D        | Noticed a water elemental
   354 | D        | Killed a water elemental
   354 | D        | Reached skill level 9 in Spellcasting
   354 | D        | Reached skill level 5 in Conjurations
   354 | D        | Reached XP level 4. HP: 24/24 MP: 9/17
   360 | D        | Learned a level 4 spell: Sticky Flame
   405 | D        | Found a radiant altar of Vehumet.
   406 | D        | Found a deep blue altar of Sif Muna.
   406 | D        | Found an ancient bone altar of Kikubaaqudgha.
   406 | D        | Noticed a wizard
   407 | D        | Killed a wizard
   407 | D        | Reached XP level 5. HP: 28/28 MP: 14/19
   426 | D        | Learned a level 5 spell: Fireball
   430 | D        | Learned a level 3 spell: Mephitic Cloud
   436 | D        | Became a worshipper of Vehumet
   463 | D        | Found a glowing silver altar of Zin.
   464 | D        | Found a glowing golden altar of the Shining One.
   464 | D        | Found a white marble altar of Elyvilon.
   464 | D        | Noticed a deep elf mage
   467 | D        | Killed from afar by a deep elf mage

Vault maps used:
D:        dungeon_sprint_mu

Skill      XL: |  1  2  3 |
---------------+----------+-----
Spellcasting   | 6 9 |  9.9
Conjurations   | 3 5 |  5.6
Fire Magic     | 4 6 |  6.5
Dodging        | |  2.4
Stealth        | |  2.4

Action                   |  1- 3 |  4- 6 || total
-------------------------+-------+-------++-------
Melee: Unarmed           |       |     2 ||     2
 Cast: Flame Tongue      |    17 |       ||    17
       Throw Flame       |     2 |       ||     2
       Conjure Flame     |     1 |       ||     1
       Sticky Flame      |       |     2 ||     2
  Use: Potion            |     4 |       ||     4
       Scroll            |     1 |       ||     1
 Stab: Sleeping          |       |     1 ||     1
Armor: Robe              |       |     1 ||     1
Dodge: Dodged            |     2 |     2 ||     4

Table legend:
 A = Spawn XP
 B = Non-spawn XP
 C = Spawn XP percentage of total XP
 D = Spawn monster count
 E = Non-spawn monster count
 F = Spawn count percentage of total count
 G = Total turns spent on level
                    A         B        C        D         E        F      G
               +---------+---------+-------+---------+---------+-------+---------
         Total |       0 |     219 |   0.0 |       0 |       9 |   0.0 |   467
               +---------+---------+-------+---------+---------+-------+---------
             D |       0 |     219 |   0.0 |       0 |       9 |   0.0 |   467
               +---------+---------+-------+---------+---------+-------+---------
